 Dungeon Crawl Stone Soup version 0.20-a0-556-g892c87b (webtiles) character file.

196 krabocopter the Slasher (level 5, -4/43 HPs)
             Began as a Barachian Fighter on Feb 6, 2017.
             Slain by a mummy (10 damage)
             ... in an ossuary.
             The game lasted 00:07:54 (3073 turns).

krabocopter the Slasher (Barachian Fighter)         Turns: 3073, Time: 00:07:55

Health: -4/43      AC:  4    Str: 20    XL:     5   Next: 75%
Magic:  5/5        EV: 16    Int:  6    God:
Gold:   170        SH:  0    Dex: 16    Spells: 4/4 levels left

rFire    . . .     SeeInvis +   a - +0 long sword
rCold    . . .     Gourm    .   n - +0 leather armour
rNeg     . . .     Faith    .   (no shield)
rPois    .         Spirit   .   t - +0 helmet (curse)
rElec    .         Reflect  .   (no cloak)
rCorr    .         Harm     .   (no gloves)
MR       .....                  (no boots)
Stlth    ++........             (no amulet)
Regen    0.2/turn               (no ring)
                                v - ring of see invisible

@: mighty, agile, slow
A: swims, slowness 1, strong legs 1
a: Hop


You were in an ossuary.
You were very hungry.

You visited 1 branch of the dungeon, and saw 4 of its levels.
You also visited: Ossuary.

You collected 170 gold pieces.

Inventory:

Hand Weapons
 a - a +0 long sword (weapon)
Armour
 b - a +0 scale mail
 c - a +0 shield
 n - a +0 leather armour (worn)
 t - a cursed +0 helmet (worn)
Jewellery
 v - a ring of see invisible (left hand)
Scrolls
 e - 2 scrolls of remove curse {unknown}
 g - 2 scrolls of enchant armour {unknown}
 h - a scroll of blinking {unknown}
 k - 2 scrolls of magic mapping {unknown}
 m - 3 scrolls of teleportation {unknown}
 p - 2 scrolls of fog {unknown}
 q - 5 scrolls of identify {unknown}
 u - a scroll of fear {unknown}
 w - a scroll of enchant weapon {unknown}
Potions
 i - 2 potions of curing
 l - a potion of lignification {unknown}
 o - a potion of agility
 r - a potion of degeneration {unknown}
Comestibles
 f - 2 bread rations
 j - a meat ration
 x - a fruit


   Skills:
 + Level 4.8 Fighting
 * Level 5.2 Long Blades
 - Level 3.2 Armour
 - Level 3.0 Shields


You had 4 spell levels left.
You didn't know any spells.

Dungeon Overview and Level Annotations

Branches:
Dungeon (4/15)
 Temple: D:4-7

Altars:
Dithmenos
Ru
Trog


Innate Abilities, Weirdness & Mutations

You can swim through water.
You cover ground slowly.
You can hop short distances.


Message History

* * * LOW HITPOINT WARNING * * *
You slice the mummy!!
You destroy the mummy!
The orc zombie hits you but does no damage.
You hit the mummy.
The mummy is lightly damaged.
The orc zombie completely misses you.
You slash the mummy!
The mummy is heavily damaged.
The big kobold zombie hits you.
* * * LOW HITPOINT WARNING * * *
The orc zombie hits you.
* * * LOW HITPOINT WARNING * * *
The gnoll zombie barely misses you.
You riposte.
You barely miss the gnoll zombie.
It was a potion of agility.
You feel agile all of a sudden.
The big kobold zombie barely misses you.
You riposte.
You closely miss the big kobold zombie. The mummy hits you!
You die...

......
#....#
#....#
#....#
#....#
#....#
#....#
#ZMZ.#
#.@Z.#
#.∩∩.#
######


You could see a mummy, a gnoll zombie, a big kobold zombie and an orc zombie.

Vanquished Creatures
  A worker ant (D:4)
  2 mummies
  5 adders
  4 gnolls
  An ooze (D:3)
  2 dart slugs
  A leopard gecko (D:4)
  2 giant cockroaches
  2 gnoll zombies (Ossuary)
  7 goblins
  5 hobgoblins
  4 jackals (D:2)
  5 kobolds
  A quokka (D:2)
  2 ball pythons (D:3)
  5 bats
  5 frilled lizards
  A hobgoblin zombie (Ossuary)
  A kobold zombie (Ossuary)
  4 rats
60 creatures vanquished.

Notes
Turn   | Place    | Note
-------+----------+-------------------------------------------
     0 | D:1      | krabocopter the Barachian Fighter began the quest for the Orb.
     0 | D:1      | Reached XP level 1. HP: 18/18 MP: 1/1
   206 | D:1      | Reached XP level 2. HP: 12/24 MP: 2/2
   665 | D:1      | Reached skill level 3 in Long Blades
   761 | D:1      | Reached XP level 3. HP: 25/30 MP: 3/3
   997 | D:2      | Reached XP level 4. HP: 29/37 MP: 4/4
  1204 | D:2      | Found a shadowy altar of Dithmenos.
  1309 | D:2      | Reached skill level 4 in Long Blades
  1405 | D:2      | Found a bloodstained altar of Trog.
  2228 | D:3      | Found a sacrificial altar of Ru.
  2296 | D:3      | Reached XP level 5. HP: 29/43 MP: 5/5
  2740 | D:4      | Reached skill level 5 in Long Blades
  2948 | D:4      | Found a sand-covered staircase.
  3050 | Ossuary  | Entered an ossuary
  3073 | Ossuary  | Slain by a mummy

Vault maps used:
D:1:      sevenhm_arrival_forest_fort_small_6
D:2:      nicolae_dithmenos_shadow_blocks, lemuel_statue_altar
D:3:      nicolae_overflow_crystal_walls, first_bread
D:4:      temple_green, gup_ossuary_entry_pyramid, gup_sewer_entry_glass
Ossuary:  ossuary_tomb_3

Skill      XL: |  1  2  3  4  5 |
---------------+----------------+-----
Long Blades    | 3 4 5 |  5.2
Fighting       | 4 |  4.8
Armour         | |  3.2
Shields        | |  3.0

Action                   |  1- 3 |  4- 6 || total
-------------------------+-------+-------++-------
Melee: Long sword        |    49 |   122 ||   171
 Abil: Hop               |     1 |       ||     1
  Use: Potion            |       |     3 ||     3
  Eat: Chunk             |     1 |     6 ||     7
Armor: Scale mail        |    16 |       ||    16
       Leather armour    |     2 |    35 ||    37
Dodge: Dodged            |    31 |    90 ||   121
       Rpst.: Long sword |     7 |    30 ||    37
